 Dungeon Crawl Stone Soup version 0.30-a0-626-gd6a5dd7a1f (webtiles) character file.

Game seed: 9449700626288658908

37 Newt the Sneak (level 3, -1/27 HPs)
             Began as a Demonspawn Gladiator on Jan 11, 2023.
             Slain by Sigmund
             ... wielding a +3 scythe of flaming
              (3 damage)
             ... on level 2 of the Dungeon.
             The game lasted 00:00:55 (875 turns).

Newt the Sneak (Demonspawn Gladiator)                Turns: 875, Time: 00:00:56

Health: -1/27      AC:  4    Str: 16    XL:     3   Next: 23%
Magic:  3/3        EV: 12    Int:  9    God:
Gold:   67         SH:  0    Dex: 14    Spells: 2/2 levels left

rFire   . . .      SeeInvis .    a - +0 rapier
rCold   . . .      Faith    .    (no shield)
rNeg    . . .      Spirit   .    b - +0 leather armour
rPois   .          Reflect  .    c - +0 helmet
rElec   .          Harm     .    (no cloak)
rCorr   .          Rampage  .    (no gloves)
Will    .....                    (no boots)
Stlth   +                        (no amulet)
HPRegen 0.24/turn                (no ring)
MPRegen 0.08/turn                (no ring)

@: confused
A: hooves 1
a: no special abilities


You were on level 2 of the Dungeon.
You visited 1 branch of the dungeon, and saw 2 of its levels.

You collected 67 gold pieces.

Inventory:

Hand Weapons
 a - a +0 rapier (weapon)
Missiles
 d - 2 throwing nets (quivered)
 e - a javelin
 g - 6 poisoned darts
Armour
 b - a +0 leather armour (worn)
 c - a +0 helmet (worn)
Scrolls
 f - a scroll of fear
 h - a scroll of identify
 j - a scroll of amnesia
Potions
 i - 2 potions of curing


   Skills:
 + Level 2.0 Fighting
 - Level 2.6 Short Blades
 - Level 1.7 Throwing
 - Level 2.6 Dodging
 - Level 3.0 Stealth


You had 2 spell levels left.
You didn't know any spells.
Your spell library contained the following spells:

 Spells                   Type           Power      Damage    Failure   Level
 Hailstorm                Conj/Ice       0%         3d3       83%         3
 Ice Form                 Ice/Tmut       0%         N/A       99%         4
 Simulacrum               Ice/Necr       0%         N/A       100%        6


Dungeon Overview and Level Annotations

Branches:
Dungeon (2/15)

Altars:

Annotations:
D:2 Sigmund


Innate Abilities, Weirdness & Mutations

You have large cloven feet.


Message History

Sigmund is nearby!
Sigmund is nearby!
You see here a +0 club.
No target in view!
No target in view!
You see here 6 stones.
Sigmund shouts!
You hear a shout!
Found 4 stones.
A hobgoblin comes into view.
Sigmund gestures at you while chanting. The magic dart hits you.
An endoplasm comes into view.
Sigmund points at you and mumbles some strange words.
The puff of flame hits you.
The endoplasm moves out of view.
Sigmund points at you and mumbles some strange words.
You are confused.
You closely miss Sigmund.
The endoplasm quivers.
Your kick misses Sigmund. Sigmund casts a spell at you.
You resist with significant effort.
Non-targeted confused throw: 3 throwing nets
Press: ? - help, Q - select action, (/) - cycle Dir - look around, f - activate Look: Sigmund, wielding a +3 scythe of flaming and wearing a +0 robe You throw a throwing net.
The endoplasm jiggles.
Sigmund casts a spell at you. The magic dart hits you!
Unknown command.
You hit the hobgoblin. Your kick misses the hobgoblin.
The hobgoblin is heavily wounded.
Sigmund casts a spell at you. The magic dart hits you.
* * * LOW HITPOINT WARNING * * *
The hobgoblin closely misses you. x2
The endoplasm jiggles.
Sigmund hits you with a +3 scythe of flaming.
* * * LOW HITPOINT WARNING * * *
Sigmund burns you.
You die...

. #. .. #. ... # #. .#.#
#.##.#######.....
#.........g..(...
#.....@@.J...#..
#....####..###.# ....
#.#.## #..# #.# #...
#.#.# #..# #.# #...
#.#(# #..# #.# #...
#.#.# #..###.#####...
##.#)#####....†.........
#....#..........######.#
#.#....####.###.##......


You could see Sigmund, an endoplasm and a hobgoblin.

Vanquished Creatures
  An adder (D:2)
  2 ball pythons (D:1)
  3 endoplasms
  A giant cockroach (D:2)
  A goblin (D:2)
  2 hobgoblins
  2 jackals (D:1)
  2 quokkas (D:1)
  4 bats
  3 frilled lizards
  4 kobolds
  2 rats (D:2)
27 creatures vanquished.

Notes
Turn   | Place    | Note
-------+----------+-------------------------------------------
     0 | D:1      | Newt the Demonspawn Gladiator began the quest for the Orb.
     0 | D:1      | Reached XP level 1. HP: 16/16 MP: 1/1
    53 | D:1      | Reached skill level 1 in Stealth
   117 | D:1      | Gained mutation: You have large cloven feet. [demonic
                  | ancestry]
   117 | D:1      | Reached XP level 2. HP: 16/22 MP: 2/2
   214 | D:1      | Reached skill level 2 in Stealth
   854 | D:2      | Reached XP level 3. HP: 23/27 MP: 3/3
   856 | D:2      | Reached skill level 3 in Stealth
   864 | D:2      | Noticed Sigmund
   875 | D:2      | Slain by Sigmund

Illustrated notes

Levels and vault maps discovered:
D:1:      shiori_arrival_maze, layout_loops_ring
D:2:      cheibrodos_old_hovel, layout_loops_ring,
          chequers_serial_rivers_micro_b, uniq_robin, uniq_sigmund, uniq_jessica

Skill      XL: |  1  2  3 |
---------------+----------+-----
Stealth        | 1 2 3 |  3.0
Fighting       | |  2.0
Short Blades   | |  2.6
Throwing       | |  1.7
Dodging        | |  2.6

Action                   || total
-------------------------++-------
Melee: Rapier            ||    59
       Kick              ||     5
Throw: Throwing net      ||     1
  Use: Scroll            ||     3
 Stab: Sleeping          ||     6
Armor: Leather armour    ||    19
Dodge: Dodged            ||    33

Table legend: (Time is in decaauts)
 A = Elapsed time spent in this place.
 B = Non-inter-level travel time spent in this place.
 C = Inter-level travel time spent in this place.
 D = Time resting spent in this place.
 E = Time spent auto-exploring this place.
 F = Levels seen in this place.
 G = Mean time per level.
                   A        B        C        D        E       F      G
               +--------+--------+--------+--------+--------+-----+--------+
         Total |    877 |    858 |     19 |      0 |    693 |   2 |  438.5 |
       Dungeon |    877 |    858 |     19 |      0 |    693 |   2 |  438.5 |
               +--------+--------+--------+--------+--------+-----+--------+

Top non-repeatable levels by time:
     D:1: 729 daAuts
     D:2: 148 daAuts
